 Dungeon Crawl Stone Soup version 0.25-a0-1137-g7f6bfe439b (webtiles) character file.

Game seed: 15598724697378730500, levelgen mode: deterministic

21977 Gwenloh the Cleaver (level 12, 0/115 HPs)
             Began as a Hill Orc Fighter on May 22, 2020.
             Was the Champion of Okawaru.
             Engulfed by a fire crab's flame (3 damage)
             ... on level 4 of the Lair of Beasts on May 23, 2020.
             The game lasted 01:12:32 (18212 turns).

Gwenloh the Cleaver (Hill Orc Fighter)             Turns: 18212, Time: 01:12:33

Health: 0/115      AC: 18    Str: 20    XL:     12   Next: 95%
Magic:  19/19      EV:  9    Int:  8    God:    Okawaru [******]
Gold:   666        SH: 13    Dex: 14    Spells: 11/11 levels left

rFire    + . .     SeeInvis .   a - +3 broad axe (elec)
rCold    . . .     Gourm    .   c - +1 kite shield
rNeg     . . .     Faith    +   C - +1 ring mail "Joneb" {rPois}
rPois    +         Spirit   .   K - +1 helmet
rElec    .         Reflect  .   (no cloak)
rCorr    .         Harm     .   (no gloves)
MR       .....                  g - +2 pair of boots {run}
Stlth    +.........             l - amulet of faith
HPRegen  0.29/turn              k - +4 ring of protection
MPRegen  0.16/turn              d - ring of protection from fire

@: quick
A: no striking features
a: Heroism, Finesse, Renounce Religion


You were on level 4 of the Lair of Beasts.
You worshipped Okawaru.
Okawaru was exalted by your worship.
You were hungry.

You visited 2 branches of the dungeon, and saw 15 of its levels.
You also visited: Ossuary.

You collected 814 gold pieces.
You spent 148 gold pieces at shops.

Inventory:

Hand Weapons
 a - a +3 broad axe of electrocution (weapon)
 b - a +0 hunting sling
 y - a +0 trident
 U - a +1 broad axe of venom
Missiles
 i - 395 stones
 n - 15 poisoned darts
 q - 51 bolts
 s - 2 throwing nets
 z - 62 sling bullets
 B - 5 boomerangs (quivered)
 D - 14 curare-tipped darts
 J - 16 atropa-tipped darts
 L - 3 silver javelins
Armour
 c - a +1 kite shield (worn)
 g - a +2 pair of boots of running (worn)
 j - the +2 animal skin of Kikkid {+Inv Str+2}
   (Okawaru gifted it to you on level 3 of the Lair of Beasts)

   It affects your strength (+2).
   It lets you turn invisible.
 C - the +1 ring mail "Joneb" (worn) {rPois}
   (You found it on level 4 of the Dungeon)

   It protects you from poison.
 K - a +1 helmet (worn)
Jewellery
 d - a ring of protection from fire (right hand)
 k - a +4 ring of protection (left hand)
 l - an amulet of faith (around neck)
 u - an uncursed ring of ice
 G - an uncursed ring of see invisible
 X - a +6 ring of dexterity
Wands
 r - a wand of paralysis (9)
 v - a wand of iceblast (2)
 x - a wand of polymorph (10)
 P - a wand of random effects (22)
 Q - a wand of flame (17)
 T - a wand of enslavement (6)
 W - a wand of disintegration (20)
Scrolls
 e - 5 scrolls of blinking
 h - 8 scrolls of teleportation
 o - 12 scrolls of remove curse
 p - 2 scrolls of immolation
 N - a scroll of fear
 Y - a scroll of magic mapping
Potions
 m - 4 potions of flight
 t - 4 potions of curing
 w - 3 potions of invisibility
 A - 2 potions of haste {unknown}
 E - 2 potions of ambrosia {unknown}
 H - 4 potions of mutation
 I - 5 potions of lignification
 M - 2 potions of berserk rage {unknown}
 O - 3 potions of brilliance {unknown}
 R - a potion of cancellation {unknown}
Miscellaneous
 S - a phantom mirror
Comestibles
 f - 29 rations


   Skills:
 * Level 13.6 Fighting
 * Level 14.4 Axes
 + Level 9.6 Armour
 + Level 9.5 Shields
 + Level 9.9 Invocations
 + Level 2.1 Evocations


You had 11 spell levels left.
You didn't know any spells.
Your spell library contained the following spells:

 Spells                   Type           Power        Failure   Level  Hunger
 Animate Skeleton         Necr           N/A          80%         1    ##.....
 Pain                     Necr           #...         80%         1    ##.....
 Shock                    Conj/Air       #...         80%         1    ##.....
 Summon Small Mammal      Summ           #...         80%         1    ##.....
 Call Imp                 Summ           #.......     90%         2    ###....
 Swiftness                Chrm/Air       #.......     90%         2    ###....
 Call Canine Familiar     Summ           #.......     99%         3    ####...
 Static Discharge         Conj/Air       #.......     99%         3    ####...
 Summon Guardian Golem    Hex/Summ       #.......     99%         3    ####...
 Vampiric Draining        Necr           #.........   99%         3    ####...
 Airstrike                Air            #.........   100%        4    #####..
 Animate Dead             Necr           N/A          100%        4    #####..
 Summon Ice Beast         Ice/Summ       #.......     100%        4    #####..
 Summon Lightning Spire   Summ/Air       #.......     100%        4    #####..
 Agony                    Necr           #.......     100%        5    ######.
 Lightning Bolt           Conj/Air       #.........   100%        5    ######.


Dungeon Overview and Level Annotations

Branches:
Dungeon (11/15)            Temple (0/1) D:4            Lair (4/6) D:11
 Shoals (0/4) Lair:2        Snake (0/4) Lair:3          Orc (0/2) D:10
Ossuary (visited)

Altars:
Cheibriados
Dithmenos
Elyvilon
Nemelex Xobeh
Okawaru
Trog
Uskayaw
Wu Jian
Yredelemnul

Shops:
D:5 [   D:8 !(%

Annotations:
D:6 3 runed translucent doors, Flugslaktarn's ghost, amateur DDFi
Lair:2 3 runed translucent doors, Kecisof's ghost, journeyman DDFi; Nuz's ghost, journeyman MiBe; Pioss's ghost, journeyman DDFi; Tuthropu's ghost, journeyman HuAr
Lair:3 exclusion: oklob plant


Message History

You block the fire crab's attack.
Okay, then.
You are engulfed in blazing flames.
You resist.
* * * LOW HITPOINT WARNING * * *
The fire crab breathes flames at you.
The blast of flame engulfs you but does no damage.
Unknown command.
You are engulfed in blazing flames.
You resist.
* * * LOW HITPOINT WARNING * * *
The fire crab breathes flames at you. The blast of flame engulfs you.
You resist.
* * * LOW HITPOINT WARNING * * *
You are engulfed in blazing flames.
You resist.
* * * LOW HITPOINT WARNING * * *
The fire crab breathes flames at you.
The blast of flame engulfs you but does no damage.
You are engulfed in blazing flames.
You resist.
* * * LOW HITPOINT WARNING * * *
You are engulfed in blazing flames.
You resist.
You die...

#............ # #............ ##
####............ .##
##.#............. PP##
######....#........... ...##
#####.#......P#P..........
....####.##.........###..........
.....P#.#...###.°.....P..........
...........##P#°@°°.......###....
......<.#.###.°°°°°.......##.....
...?.#.######.°°°°°......#####.#.
......## ##...°.°.........# ####
.....## #....°°°.........##
.....# #......○..........###
....## ###..(..t○............#
.....# #P....................#
....### ##....................#


You could see a fire crab.

Vanquished Creatures
  Fannar (Lair:2)
  3 hydras
  3 two-headed ogres
  Sonja (D:11)
  A merfolk siren (Lair:2)
  8 spiny frogs
  A komodo dragon (Lair:2)
  A kobold demonologist (D:11)
  A rime drake (Lair:2)
  4 trolls
  5 blink frogs
  4 dream sheep (Lair:4)
  5 hippogriffs
  A water elemental (D:11)
  3 yaks (D:10)
  A wraith (D:9)
  A steam dragon (D:8)
  3 basilisks
  4 hungry ghosts
  Menkaure (D:6)
  19 water moccasins
  3 sky beasts
  3 porcupines
  A hornet zombie (D:9)
  5 orc warriors
  An ice beast (D:7)
  4 ogres
  A necrophage (D:4)
  7 wolves
  A phantom (D:9)
  3 centaurs (D:8)
  5 crocodiles
  2 big kobolds
  4 bullfrogs
  A wyvern zombie (D:10)
  3 water moccasin zombies (Ossuary)
  3 scorpions
  2 troll zombies (D:10)
  3 electric eels (D:11)
  3 howler monkeys
  6 crimson imps
  A centaur zombie (D:7)
  5 hounds
  2 bullfrog zombies
  2 centaur skeletons (D:4)
  9 orc priests
  2 bullfrog skeletons
  2 jellies
  16 orc wizards
  2 iguanas
  6 worker ants
  A killer bee zombie (D:7)
  6 ogre zombies (D:10)
  A big kobold zombie (Ossuary)
  A hound zombie (D:10)
  3 hound skeletons
  2 mummies (Ossuary)
  3 worker ant zombies
  10 gnolls
  15 adders
  2 shadow imps
  5 adder zombies (Ossuary)
  2 dart slugs
  8 leopard geckos
  49 orcs
  5 bats
  7 giant cockroaches
  3 gnoll zombies (Ossuary)
  9 goblins
  7 hobgoblins
  20 jackals
  2 quokkas (D:8)
  A ball python (D:3)
  2 frilled lizards
  A goblin skeleton (D:10)
  5 goblin zombies (D:10)
  3 hobgoblin skeletons (D:10)
  7 hobgoblin zombies
  18 kobolds
  A kobold zombie (Ossuary)
  A leopard gecko zombie (D:9)
  3 orc skeletons (D:10)
  14 orc zombies
  A quokka zombie (D:4)
  8 rats
  A fungus (Lair:3)
  2 plants
408 creatures vanquished.

Vanquished Creatures (others)
  4 fungi
  2 plants
6 creatures vanquished.

Grand Total: 414 creatures vanquished

Notes
Turn   | Place    | Note
-------+----------+-------------------------------------------
     0 | D:1      | Gwenloh the Hill Orc Fighter began the quest for the Orb.
     0 | D:1      | Reached XP level 1. HP: 19/19 MP: 1/1
   119 | D:1      | Reached skill level 3 in Axes
   162 | D:1      | Reached XP level 2. HP: 25/27 MP: 2/2
   881 | D:2      | Reached XP level 3. HP: 33/33 MP: 3/3
  1289 | D:2      | Found an iron altar of Okawaru.
  1461 | D:2      | Reached XP level 4. HP: 20/41 MP: 4/4
  1486 | D:2      | Reached skill level 4 in Axes
  1723 | D:2      | Found a snail-covered altar of Cheibriados.
  1763 | D:2      | Became a worshipper of Warmaster Okawaru
  2044 | D:3      | Reached skill level 5 in Fighting
  2044 | D:3      | Reached XP level 5. HP: 36/48 MP: 5/5
  2684 | D:3      | Found an ornate altar of the Wu Jian Council.
  2785 | D:3      | Reached skill level 5 in Axes
  2785 | D:3      | Reached XP level 6. HP: 46/56 MP: 6/6
  2993 | D:4      | Reached * piety under Okawaru
  3351 | D:4      | Found a white marble altar of Elyvilon.
  3507 | D:4      | Got a faintly glowing ring mail
  3518 | D:4      | Identified the +1 ring mail "Joneb" {rPois} (You found it
                  | on level 4 of the Dungeon)
  3529 | D:4      | Found a staircase to the Ecumenical Temple.
  3538 | D:4      | Reached XP level 7. HP: 60/63 MP: 7/7
  3561 | D:4      | Reached skill level 6 in Axes
  3589 | D:4      | Reached skill level 1 in Invocations
  3784 | D:4      | Found a basalt altar of Yredelemnul.
  4045 | D:4      | Reached ** piety under Okawaru
  4372 | D:5      | Entered Level 5 of the Dungeon
  4539 | D:5      | Reached skill level 5 in Shields
  4539 | D:5      | Reached XP level 8. HP: 53/69 MP: 9/9
  4656 | D:5      | Reached skill level 5 in Armour
  4731 | D:5      | Reached skill level 7 in Axes
  4813 | D:5      | Found Hyant's Armour Boutique.
  5089 | D:5      | Found a shadowy altar of Dithmenos.
  5135 | D:6      | Found a runed translucent gate.
  5135 | D:6      | Found a runed translucent gate.
  5135 | D:6      | Found a runed translucent gate.
  5135 | D:6      | Noticed Menkaure
  5919 | D:6      | Killed Menkaure
  5932 | D:6      | Reached *** piety under Okawaru
  6143 | D:6      | Reached skill level 8 in Axes
  6509 | D:6      | Found a sparkling altar of Nemelex Xobeh.
  6509 | D:6      | Found a bloodstained altar of Trog.
  6567 | D:6      | Noticed Flugslaktarn's ghost (amateur DDFi)
  6929 | D:7      | Reached XP level 9. HP: 68/79 MP: 10/12
  7093 | D:7      | Found a sand-covered staircase.
  7102 | Ossuary  | Entered an ossuary
  7230 | Ossuary  | Received a gift from Okawaru
  7459 | D:7      | Reached skill level 9 in Axes
  7721 | D:7      | Found a sparkling altar of Nemelex Xobeh.
  8179 | D:8      | Found Gathiaj's Distillery.
  8191 | D:7      | Reached **** piety under Okawaru
  8213 | D:8      | Reached skill level 5 in Invocations
  8915 | D:8      | Found Xisum's Weapon Emporium.
  8922 | D:8      | Bought a +0 broad axe for 48 gold pieces
  8949 | D:8      | Bought 2 potions of heal wounds for 100 gold pieces
  9045 | D:8      | Found Luddil's Food Emporium.
  9112 | D:8      | Reached skill level 10 in Axes
  9112 | D:8      | Reached XP level 10. HP: 29/90 MP: 14/14
  9575 | D:9      | Reached ***** piety under Okawaru
  9705 | D:9      | Got a bloodstained ring mail
  9720 | D:9      | Identified the cursed +1 ring mail of the Pink Corner {MR-
                  | Str+7 SInv} (You found it on level 9 of the Dungeon)
  9747 | D:9      | Reached skill level 10 in Fighting
  9910 | D:9      | Received a gift from Okawaru
 10070 | D:9      | Identified a +2 pair of boots of running (Okawaru gifted it
                  | to you on level 9 of the Dungeon)
 10094 | D:9      | Noticed a +0 dagger
 10094 | D:9      | Noticed a +0 dagger
 10095 | D:9      | Found a hide-covered altar of Uskayaw.
 10571 | D:10     | Entered Level 10 of the Dungeon
 10841 | D:10     | Reached skill level 11 in Axes
 11256 | D:10     | Found a staircase to the Orcish Mines.
 11501 | D:11     | Noticed Sonja
 11708 | D:10     | Reached XP level 11. HP: 65/100 MP: 16/16
 11893 | D:11     | Killed Sonja
 12121 | D:11     | Noticed a five-headed hydra
 12307 | D:11     | Noticed a two-headed ogre
 12322 | D:10     | Killed a two-headed ogre
 12322 | D:10     | Reached skill level 12 in Axes
 12568 | D:11     | Noticed a two-headed ogre
 12581 | D:11     | Killed a two-headed ogre
 12581 | D:11     | Received a gift from Okawaru
 12603 | D:11     | Noticed a two-headed ogre
 12693 | D:11     | Killed a two-headed ogre
 12826 | D:11     | Found a staircase to the Lair.
 12871 | Lair:1   | Entered Level 1 of the Lair of Beasts
 14446 | Lair:2   | Found a runed translucent gate.
 14446 | Lair:2   | Found a runed translucent gate.
 14446 | Lair:2   | Found a runed translucent gate.
 14447 | Lair:2   | Noticed Nuz's ghost (journeyman MiBe)
 14448 | Lair:2   | Noticed Kecisof's ghost (journeyman DDFi)
 14448 | Lair:2   | Noticed Tuthropu's ghost (journeyman HuAr)
 14448 | Lair:2   | Noticed Pioss's ghost (journeyman DDFi)
 14465 | Lair:2   | Noticed a six-headed hydra
 14504 | Lair:2   | Noticed Fannar
 14517 | Lair:2   | Killed Fannar
 14517 | Lair:2   | Received a gift from Okawaru
 14518 | Lair:2   | Reached skill level 13 in Axes
 14552 | Lair:2   | Upgraded the game from 0.25-a0-1133-g93ebf739aa to
                  | 0.25-a0-1137-g7f6bfe439b
 14843 | Lair:2   | Reached XP level 12. HP: 93/113 MP: 18/18
 15048 | Lair:2   | Found a staircase to the Shoals.
 15150 | Lair:2   | Killed a six-headed hydra
 15595 | Lair:3   | Noticed a five-headed hydra
 15611 | Lair:3   | Killed a five-headed hydra
 16268 | Lair:3   | Received a gift from Okawaru
 16269 | Lair:3   | Got a translucent animal skin {god gift}
 16280 | Lair:3   | Identified the +2 animal skin of Kikkid {+Inv Str+2}
                  | (Okawaru gifted it to you on level 3 of the Lair of Beasts)
 16383 | Lair:3   | Found a staircase to the Snake Pit.
 17079 | Lair:4   | Found a runed translucent door.
 17105 | Lair:4   | Reached skill level 1 in Evocations
 17106 | Lair:4   | Reached ****** piety under Okawaru
 17107 | Lair:4   | Reached skill level 14 in Axes
 17115 | Lair:4   | Noticed a six-headed hydra
 17428 | Lair:4   | Killed a six-headed hydra
 18211 | Lair:4   | HP: 3/115 [fire crab] (11)]
 18212 | Lair:4   | Engulfed by a fire crab's flame

Illustrated notes

Levels and vault maps discovered:
D:1:      dpeg_arrival_connections, layout_loops_ring, minivault_27
D:2:      layout_loops_ring, kennysheep_slug_shrine, lemuel_doored_altar
D:3:      layout_basic, lemuel_round_altar
D:4:      layout_gridville, elyvilon_altar_1, nicolae_overflow_crystal_walls,
          minmay_temple_entry_sparse_star
D:5:      layout_basic, serial_shops, shop, first_ration, minivault_14,
          hangedman_decor_lopped, nicolae_dithmenos_through_a_glass_darkly
D:6:      layout_rooms, minitemple, gammafunk_ghost_icy, uniq_menkaure
D:7:      layout_rooms, lightli_ossuary_entry_decrepit_ruins,
          nemelex_spade_bored_becter
D:8:      layout_cave_pools, serial_shops, kennysheep_mini, nicolae_shop_trees,
          shop, chequers_serial_rivers_micro_d
D:9:      layout_basic, dancing_weapons_uskayaw
D:10:     layout_roguey, zombieorc2_lemuel
D:11:     layout_cave_pools, erik_lair_island, ebering_ghost_disaster_area,
          minmay_misc_feat_columns, uniq_sonja
Lair:1:   layout_roguey, cheibrodos_lair_caveside_slide, minivault_19,
          st_stairs_8
Lair:2:   layout_regular_city, minmay_shoals_entry_lonely_mermaid,
          gammafunk_ghost_cemetery, small_statue_intersection,
          infiniplex_staircase_pool, uniq_fannar
Lair:3:   layout_gridlike, minmay_snake_entry_six_corridors,
          minmay_lair_oklob_chamber, lemuel_fruit_tree, serial_bayou_shore_b
Lair:4:   gammafunk_mikee_crab_dinner, layout_cave_pods

Skill      XL: |  1  2  3  4  5  6  7  8  9 10 11 12 |
---------------+-------------------------------------+-----
Axes           | 3 4 5 6 8 10 11 13 14 | 14.4
Fighting       | 4 5 6 8 9 11 12 13 | 13.6
Shields        | 4 5 6 7 8 9 |  9.5
Armour         | 4 5 6 7 8 9 |  9.6
Invocations    | 2 4 5 7 8 9 |  9.9
Evocations     | 2 |  2.1

Action                   |  1- 3 |  4- 6 |  7- 9 | 10-12 || total
-------------------------+-------+-------+-------+-------++-------
Melee: War axe           |    91 |   210 |   448 |       ||   749
       Broad axe         |       |       |    19 |   581 ||   600
       Trident           |       |       |       |    28 ||    28
 Fire: Hunting sling     |       |    49 |    81 |    78 ||   208
Throw: Stone             |    50 |    52 |       |     4 ||   106
       Boomerang         |       |       |    34 |   160 ||   194
       Dart              |       |       |     8 |    15 ||    23
Invok: Heroism           |       |       |     5 |     6 ||    11
       Finesse           |       |       |       |     6 ||     6
Evoke: Wand              |       |       |       |    15 ||    15
  Use: Scroll            |       |       |    13 |    11 ||    24
       Potion            |       |       |     1 |     5 ||     6
 Stab: Distracted        |       |       |       |     1 ||     1
       Paralysed         |       |       |       |     2 ||     2
  Eat: Chunk             |     2 |     7 |    11 |    26 ||    46
       Ration            |       |       |     2 |     2 ||     4
Armor: Scale mail        |    48 |   124 |       |       ||   172
       Ring mail         |       |     2 |   166 |   252 ||   420
Dodge: Dodged            |    27 |    74 |   111 |   186 ||   398
Block: Kite shield       |    44 |   144 |   262 |   395 ||   845

Table legend:
 A = Non-vault XP
 B = Vault XP
 C = Vault XP percentage of total XP
 D = Non-vault monster count
 E = Vault monster count
 F = Vault count percentage of total count
                 A         B        C        D         E       F
            +---------+---------+-------+---------+---------+-------
      Total |   25482 |    5914 |  18.8 |     319 |      84 |  20.8
            +---------+---------+-------+---------+---------+-------
        D:1 |      31 |       0 |   0.0 |      16 |       0 |   0.0
        D:2 |     109 |       4 |   3.5 |      28 |       1 |   3.4
        D:3 |     205 |       0 |   0.0 |      34 |       0 |   0.0
        D:4 |     698 |       0 |   0.0 |      26 |       0 |   0.0
        D:5 |     633 |       0 |   0.0 |      26 |       0 |   0.0
        D:6 |     324 |     172 |  34.7 |      15 |       1 |   6.2
        D:7 |    1059 |       0 |   0.0 |      19 |       0 |   0.0
        D:8 |    1103 |       0 |   0.0 |      20 |       0 |   0.0
        D:9 |    2035 |       0 |   0.0 |      26 |       0 |   0.0
       D:10 |    3041 |     775 |  20.3 |      32 |      37 |  53.6
       D:11 |    3116 |    1273 |  29.0 |      28 |       4 |  12.5
     Lair:1 |     999 |      93 |   8.5 |       7 |       1 |  12.5
     Lair:2 |    3171 |    1581 |  33.3 |      10 |       3 |  23.1
     Lair:3 |    3144 |    1676 |  34.8 |      10 |      16 |  61.5
     Lair:4 |    5814 |       0 |   0.0 |      22 |       0 |   0.0
    Ossuary |       0 |     340 | 100.0 |       0 |      21 | 100.0
            +---------+---------+-------+---------+---------+-------
